[Event "Titled Tuesday Blitz January 17 Early 2023"]
[White "Timofeev, Artyom"]
[Black "Tan, Zhongyi"]
[WhiteFideId "4140419"]
[BlackFideId "8603642"]
[WhiteElo "2567"]
[BlackElo "2517"]
[Result "1-0"]
[Round "05"]
[TimeControl "180+2"]
[Date "2023.01.17"]
[WhiteClock "0:00:36"]
[BlackClock "0:00:12"]

1. e4 c5 2. Nf3 d6 3. d4 cxd4 4. Nxd4 Nf6 5. Nc3 g6 6. Be2 Bg7 7. O-O O-O 8. Re1 Nc6 9. Nb3 Be6 10. Bg5 a6 11. Qd2 b5 12. Bf1 Nd7 13. Rab1 Nb6 14. Nd5 Nc4 15. Qc1 Re8 16. c3 Rc8 17. Qd1 h6 18. Bh4 a5 19. Nd2 N6e5 20. Nxc4 Nxc4 21. h3 b4 22. Bxc4 Rxc4 23. b3 Rc8 24. c4 Bxd5 25. exd5 Qd7 26. Qd3 e5 27. dxe6 Rxe6 28. Rbd1 Rce8 29. Rxe6 Qxe6 30. Kf1 Bc3 31. f3 Be5 32. Bf2 a4 33. Qd5 axb3 34. axb3 Qxd5 35. Rxd5 Ra8 36. c5 Ra1+ 37. Ke2 Ra2+ 38. Rd2 Rxd2+ 39. Kxd2 dxc5 40. Bxc5 Bc3+ 41. Kd3 f5 42. Kc4 Kf7 43. Bxb4 Bf6 44. Bc3 Bd8 45. Kd5 1-0


[Site "https://www.chess.com"]

[Event "Titled Tuesday Blitz January 17 Early 2023"]
[White "Dominguez Perez, Leinier"]
[Black "Tristan, Leonardo"]
[WhiteFideId "3503240"]
[BlackFideId "113816"]
[WhiteElo "2739"]
[BlackElo "2545"]
[Result "1-0"]
[Round "05"]
[TimeControl "180+2"]
[Date "2023.01.17"]
[WhiteClock "0:00:02"]
[BlackClock "0:00:05"]

1. d4 d5 2. Nf3 Nf6 3. e3 g6 4. Nbd2 Bg7 5. Be2 O-O 6. b4 Ne4 7. Bb2 a5 8. b5 c5 9. bxc6 Nxc6 10. O-O a4 11. Nxe4 dxe4 12. Nd2 a3 13. Bc3 e5 14. dxe5 Nxe5 15. Nxe4 Bf5 16. Nd6 Nf3+ 17. Bxf3 Bxc3 18. Nxf5 Bxa1 19. Qxa1 gxf5 20. Rd1 Qe7 21. Rd5 Rac8 22. Qb1 Rc5 23. Rd2 Rfc8 24. g3 b5 25. Qb4 Re5 26. Qd4 Qc5 27. Qf4 Re6 28. Bd5 Re7 29. Qg5+ Kf8 30. Qf6 Qc3 31. Rd4 Qe1+ 32. Kg2 Rec7 33. Bb3 Qc3 34. Qxf5 Qc6+ 35. Bd5 Qg6 36. Qe5 Kg8 37. h3 Qg7 38. Rg4 1-0


[Site "https://www.chess.com"]

[Event "Titled Tuesday Blitz January 17 Early 2023"]
[White "Injac, Teodora"]
[Black "Predke, Alexandr"]
[WhiteFideId "932400"]
[BlackFideId "24107581"]
[WhiteElo "2391"]
[BlackElo "2685"]
[Result "0-1"]
[Round "05"]
[TimeControl "180+2"]
[Date "2023.01.17"]
[WhiteClock "0:00:07"]
[BlackClock "0:00:56"]

1. Nf3 c5 2. c4 Nc6 3. Nc3 e5 4. e3 Nf6 5. d4 e4 6. d5 exf3 7. dxc6 dxc6 8. Qxd8+ Kxd8 9. gxf3 g6 10. b3 Bg7 11. Bb2 Ne8 12. O-O-O+ Ke7 13. h4 h5 14. Ne4 Bxb2+ 15. Kxb2 b6 16. f4 Bg4 17. Rd2 Bf3 18. Ng3 Bxh1 19. Nxh1 Ng7 20. Ng3 Rad8 21. Rxd8 Rxd8 22. Kc2 Ne8 23. f5 Nd6 24. fxg6 fxg6 25. Bg2 b5 26. Kc3 b4+ 27. Kc2 Nf5 28. Nxf5+ gxf5 29. Bxc6 f4 30. Bf3 fxe3 31. fxe3 Kf6 32. Bxh5 Rh8 33. Bf3 Rxh4 34. Kd3 Rh2 35. Ke4 Ke6 36. Bg4+ Kd6 37. Kf5 Rf2+ 0-1


[Site "https://www.chess.com"]

[Event "Titled Tuesday Blitz January 17 Early 2023"]
[White "Koellner, Ruben Gideon"]
[Black "Mitrabha, Guha"]
[WhiteFideId "12993093"]
[BlackFideId "5057000"]
[WhiteElo "2426"]
[BlackElo "2507"]
[Result "0-1"]
[Round "05"]
[TimeControl "180+2"]
[Date "2023.01.17"]
[WhiteClock "0:00:05"]
[BlackClock "0:00:07"]

1. d4 Nf6 2. Nf3 c5 3. e3 d5 4. Nbd2 cxd4 5. exd4 Nc6 6. c3 Bf5 7. Nh4 Bg4 8. Qb3 Qc7 9. h3 Bd7 10. Bd3 e5 11. dxe5 Nxe5 12. Be2 Bd6 13. Nhf3 Nc6 14. O-O O-O 15. Bd3 Rfe8 16. Qd1 Ne4 17. Nb3 a6 18. Be3 Re6 19. Nbd4 Rg6 20. Nh4 Rf6 21. Qh5 Ne5 22. Bc2 Re8 23. Nhf5 Bf8 24. Rad1 Nc4 25. Bc1 Qe5 26. g4 Kh8 27. Qh4 g6 28. f4 Qc7 29. Bxe4 Qd8 30. Bxd5 Nb6 31. Ne3 Rxe3 32. Bxe3 Nxd5 33. Bc1 Bg7 34. f5 Qb6 35. Bg5 Rd6 36. Qf2 h6 37. Bc1 g5 38. Nf3 Qc7 39. Rfe1 Bf8 40. Re2 Rc6 41. Nd4 Rd6 42. Rde1 Kg8 43. Re4 Nf6 44. Re5 Rb6 45. h4 Bd6 46. R5e3 Nxg4 47. Qg2 Nxe3 48. Bxe3 f6 49. hxg5 hxg5 50. Bxg5 fxg5 51. Qxg5+ Kf8 52. Ne6+ Bxe6 53. fxe6 Bc5+ 54. Kg2 Ke8 55. Qg8+ Ke7 56. Rd1 Rxb2+ 57. Kh3 Qh2+ 58. Kg4 Rg2+ 59. Kf5 Rxg8 60. Rd7+ Ke8 61. Rxb7 Qf2+ 62. Ke5 Rg5+ 63. Ke4 Qe3# 0-1


[Site "https://www.chess.com"]

[Event "Titled Tuesday Blitz January 17 Early 2023"]
[White "Bocharov, Dmitry"]
[Black "Kovalenko, Igor"]
[WhiteFideId "4138716"]
[BlackFideId "14117908"]
[WhiteElo "2516"]
[BlackElo "2674"]
[Result "0-1"]
[Round "05"]
[TimeControl "180+2"]
[Date "2023.01.17"]
[WhiteClock "0:00:07"]
[BlackClock "0:00:42"]

1. d4 Nf6 2. c4 e6 3. g3 c5 4. d5 exd5 5. cxd5 d6 6. Nc3 g6 7. Bg2 Bg7 8. Nf3 O-O 9. O-O Re8 10. Bf4 Nh5 11. Bg5 Qb6 12. Qd2 Na6 13. Rfe1 Bg4 14. h3 Bxf3 15. Bxf3 Nf6 16. e4 Nd7 17. Bg2 c4 18. Be3 Nac5 19. f4 Qa6 20. Red1 b5 21. Qc2 b4 22. Ne2 b3 23. axb3 cxb3 24. Qd2 Qb7 25. e5 dxe5 26. d6 e4 27. f5 a5 28. fxg6 hxg6 29. Nf4 a4 30. Nd5 Kh7 31. Rf1 f5 32. g4 Re5 33. gxf5 Qxd5 34. fxg6+ Kxg6 35. Qe2 Nf6 36. Rad1 Nd3 37. Kh1 Qxd6 38. Rg1 Kh7 39. Bxe4+ Rxe4 40. Qg2 Re7 41. Qg6+ Kh8 42. Rxd3 Qc6+ 43. Kh2 Qe4 44. Bd4 Qxg6 45. Rxg6 Ne8 46. Rdg3 Kh7 47. R6g4 Rd8 48. Bc3 a3 49. bxa3 Rb8 50. Bb2 Re2+ 51. Rg2 Rxg2+ 52. Rxg2 Bxb2 53. Rxb2 Nd6 0-1


[Site "https://www.chess.com"]

[Event "Titled Tuesday Blitz January 17 Early 2023"]
[White "Shankland, Sam"]
[Black "Alex_Sahakyan2006"]
[WhiteFideId "2004887"]
[WhiteElo "2711"]
[BlackElo "2675"]
[Result "0-1"]
[Round "05"]
[TimeControl "180+2"]
[Date "2023.01.17"]
[WhiteClock "0:00:52"]
[BlackClock "0:00:03"]

1. d4 g6 2. e4 Bg7 3. c4 c5 4. d5 b5 5. cxb5 a6 6. bxa6 Nf6 7. Nc3 Qa5 8. Bd2 Bxa6 9. Nf3 O-O 10. e5 Ng4 11. Ne4 Qb6 12. Bc3 Bxf1 13. Kxf1 f5 14. Ned2 Qa6+ 15. Qe2 d6 16. Nc4 dxe5 17. Nfxe5 Nxe5 18. Nxe5 Qd6 19. a3 Qxd5 20. Rd1 Qe6 21. Rd3 Ra4 22. Qd1 Re4 23. Nf3 Bxc3 24. Rxc3 c4 25. Ng5 Qf6 26. Nxe4 fxe4 27. Qe2 Kg7 28. h4 Nc6 29. Rxc4 Nd4 30. Qe3 Nf5 31. Qc3 e5 32. h5 e3 33. h6+ Kg8 34. f3 Ng3+ 35. Ke1 Nxh1 36. Rc7 Qh4+ 37. Kd1 Nf2+ 38. Kc2 Qd4 39. Rg7+ Kh8 40. Re7 Qd1# 0-1


[Site "https://www.chess.com"]

[Event "Titled Tuesday Blitz January 17 Early 2023"]
[White "Bharath Subramaniyam H"]
[Black "Volkov, Maksim"]
[WhiteFideId "46634827"]
[BlackFideId "54123070"]
[WhiteElo "2517"]
[BlackElo "2258"]
[Result "1-0"]
[Round "05"]
[TimeControl "180+2"]
[Date "2023.01.17"]
[WhiteClock "0:02:01"]
[BlackClock "0:01:19"]

1. e4 c5 2. Nf3 d6 3. Bb5+ Nd7 4. d4 cxd4 5. Nxd4 a6 6. Bd3 Ngf6 7. O-O e5 8. Nf5 Nc5 9. Nc3 Bxf5 10. exf5 d5 11. Bg5 Be7 12. Bxf6 Bxf6 13. Nxd5 e4 14. Bxe4 Nxe4 15. Re1 O-O 16. Rxe4 Bxb2 17. Rb1 Ba3 18. f6 Re8 19. Rxe8+ Qxe8 20. Nc7 1-0


[Site "https://www.chess.com"]

[Event "Titled Tuesday Blitz January 17 Early 2023"]
[White "Maximov, Dmitry"]
[Black "Weetik, Vjacheslav"]
[WhiteFideId "14105659"]
[BlackFideId "4153472"]
[WhiteElo "2497"]
[BlackElo "2423"]
[Result "1/2-1/2"]
[Round "05"]
[TimeControl "180+2"]
[Date "2023.01.17"]
[WhiteClock "0:00:06"]
[BlackClock "0:00:09"]

1. e4 c6 2. Nc3 d5 3. Qe2 dxe4 4. Qxe4 Nf6 5. Qh4 Bf5 6. d3 e6 7. Nf3 c5 8. Be2 Nc6 9. O-O Be7 10. Qf4 h6 11. Re1 O-O 12. Bf1 Rc8 13. h3 a6 14. Ne4 Nd4 15. Nxd4 cxd4 16. Nxf6+ Bxf6 17. Qd2 Rc5 18. Qd1 Qc7 19. Re2 Rc8 20. g4 Bg6 21. Bg2 b5 22. a4 b4 23. Bd2 a5 24. f4 Rxc2 25. f5 exf5 26. Bf4 Qxf4 27. Rxc2 Rxc2 28. Qxc2 fxg4 29. Qc8+ Kh7 30. Qxg4 Qxg4 31. hxg4 Bxd3 32. Rd1 Bc2 33. Rd2 b3 34. Rxc2 bxc2 35. Be4+ g6 36. Bxc2 Bg5 37. Kg2 Bc1 38. b3 Kg7 39. Kf3 Bb2 40. Bd3 Kf6 41. Bc4 Bc3 42. Ke4 Kg5 43. Kf3 f5 44. gxf5 Kxf5 45. Bd3+ Kg5 46. Kg3 h5 47. Kf3 Kf6 48. Kg3 g5 49. Be2 Kg6 50. Bd3+ Kh6 51. Kf3 g4+ 52. Kf4 Bd2+ 53. Kf5 Bb4 54. Ke5 Kg5 55. Kxd4 h4 56. Ke3 Bc5+ 57. Ke2 Kf4 58. Kf1 g3 59. Kg2 Be7 60. Be2 Ke3 61. Bc4 Kd4 62. Be6 Bd8 63. Kf3 Ke5 64. Bh3 Kd4 65. Kg2 Ke3 66. Be6 Kf4 67. Bh3 Bc7 68. Be6 Bd6 69. Bh3 Ke4 70. Be6 Kd4 71. Bc4 Be7 72. Be6 Kc5 73. Bc4 Bf6 74. Be6 Kb4 75. Bc4 Kc3 76. Be6 Kd2 77. Bc4 Ke3 78. Be6 Kf4 79. Bh3 1/2-1/2


[Site "https://www.chess.com"]

[Event "Titled Tuesday Blitz January 17 Early 2023"]
[White "Shuvalova, Polina"]
[Black "Paichadze, Luka"]
[WhiteFideId "24171760"]
[BlackFideId "13602934"]
[WhiteElo "2484"]
[BlackElo "2515"]
[Result "0-1"]
[Round "05"]
[TimeControl "180+2"]
[Date "2023.01.17"]
[WhiteClock "0:00:01"]
[BlackClock "0:00:51"]

1. d4 Nf6 2. Nf3 e6 3. Bg5 c5 4. d5 Qb6 5. Bxf6 gxf6 6. e4 Qxb2 7. Nbd2 Qc3 8. Bd3 Na6 9. Rb1 Nb4 10. Rb3 Nxd3+ 11. cxd3 Qa5 12. O-O b5 13. Rb2 Bd6 14. Nh4 Bb7 15. Qf3 Be5 16. Rc2 Qb6 17. Nb3 d6 18. Qe3 c4 19. Qxb6 axb6 20. dxc4 bxc4 21. Rxc4 exd5 22. exd5 Bxd5 23. Rb4 Rxa2 24. Rxb6 Kd7 25. Nf5 Rb2 26. Rb5 Bxb3 27. Ra1 Rc8 28. g3 Be6 0-1


[Site "https://www.chess.com"]

[Event "Titled Tuesday Blitz January 17 Early 2023"]
[White "Aloma Vidal, Robert"]
[Black "Galchenko, Matvey"]
[WhiteFideId "2260409"]
[BlackFideId "24175480"]
[WhiteElo "2442"]
[BlackElo "2438"]
[Result "0-1"]
[Round "05"]
[TimeControl "180+2"]
[Date "2023.01.17"]
[WhiteClock "0:00:47"]
[BlackClock "0:01:17"]

1. e4 e6 2. d4 d5 3. e5 c5 4. c3 Qb6 5. Nf3 Nc6 6. a3 Nh6 7. b4 cxd4 8. cxd4 Nf5 9. Be3 f6 10. exf6 gxf6 11. Bd3 Nxe3 12. fxe3 Bh6 13. Qe2 Bd7 14. Nc3 Ne7 15. O-O O-O-O 16. a4 Kb8 17. a5 Qd6 18. Bb5 Nf5 19. Bxd7 Qxd7 20. Nd1 Rc8 21. Kh1 Rc4 22. e4 Nxd4 23. Nxd4 Rxd4 24. Rxf6 Rxe4 25. Qf2 Bg7 26. Rf7 Qxf7 27. Qxf7 Re1+ 0-1


[Site "https://www.chess.com"]

[Event "Titled Tuesday Blitz January 17 Early 2023"]
[White "Demin, Vladimir"]
[Black "Movsesian, Sergei"]
[WhiteFideId "4167457"]
[BlackFideId "310204"]
[WhiteElo "2430"]
[BlackElo "2610"]
[Result "1-0"]
[Round "05"]
[TimeControl "180+2"]
[Date "2023.01.17"]
[WhiteClock "0:00:02"]
[BlackClock "0:00:15"]

1. d4 Nf6 2. Nc3 d5 3. Bf4 a6 4. e3 c5 5. dxc5 e6 6. Na4 Nbd7 7. b4 e5 8. Bg5 h6 9. Bxf6 Nxf6 10. Nb6 Rb8 11. Nf3 e4 12. Nd4 Bg4 13. Be2 Bxe2 14. Qxe2 Be7 15. O-O O-O 16. c4 dxc4 17. Qxc4 Qc7 18. h3 Rfd8 19. Rad1 Qe5 20. Ne2 Qh5 21. Rd4 Rxd4 22. Nxd4 Bf8 23. Ne2 Rd8 24. Nf4 Qe5 25. a3 Qb2 26. Nbd5 Nxd5 27. Nxd5 Qxa3 28. Qxe4 a5 29. Ne7+ Kh8 30. c6 bxc6 31. Nxc6 Rc8 32. bxa5 Qc3 33. Ne5 Kg8 34. Qd5 Qc7 35. a6 Rd8 36. Qb5 Rb8 37. Qd5 Rd8 38. Qe4 Re8 39. f4 Qa7 40. Kh2 Qxa6 41. Qd5 Re6 42. Rf3 Qe2 43. Rg3 Qf2 44. Ng4 Rg6 45. Nxf2 1-0


[Site "https://www.chess.com"]

[Event "Titled Tuesday Blitz January 17 Early 2023"]
[White "Piesik, Piotr"]
[Black "Krzyzanowski, Marcin"]
[WhiteFideId "1136194"]
[BlackFideId "1132199"]
[WhiteElo "2426"]
[BlackElo "2512"]
[Result "0-1"]
[Round "05"]
[TimeControl "180+2"]
[Date "2023.01.17"]
[WhiteClock "0:00:01"]
[BlackClock "0:00:06"]

1. Nf3 d5 2. g3 g6 3. Bg2 Bg7 4. d4 Nf6 5. O-O O-O 6. c4 c6 7. Nc3 Ne4 8. Qb3 Nxc3 9. bxc3 dxc4 10. Qxc4 Nd7 11. a4 Nb6 12. Qb4 a5 13. Qb2 Be6 14. Nd2 Rb8 15. Qc2 Bd5 16. e4 Be6 17. Nb3 Nd7 18. Bf4 Ra8 19. Rfd1 f5 20. d5 cxd5 21. exd5 Bf7 22. Nd4 Bxd4 23. Rxd4 Rc8 24. Rb1 Nc5 25. Qe2 Qd7 26. Bh6 Qd6 27. Bxf8 Kxf8 28. f4 Be8 29. Qe5 Qxe5 30. fxe5 Nxa4 31. c4 Nc3 32. Re1 a4 33. d6 exd6 34. exd6 Bd7 35. Bxb7 Rb8 36. Rd3 Na2 37. Rb1 f4 38. Rd4 Nc3 39. Rxf4+ Kg7 40. Rbf1 Rxb7 41. Rf7+ Kh6 42. c5 Ne2+ 43. Kf2 Nd4 44. Ke3 Nc6 45. Ke4 a3 46. Kd5 Nb4+ 47. Kc4 Be6+ 48. Kc3 Na2+ 49. Kd4 Rxf7 50. Rxf7 Bxf7 51. d7 Nb4 52. d8=Q Nc6+ 53. Kc3 Nxd8 0-1


[Site "https://www.chess.com"]

[Event "Titled Tuesday Blitz January 17 Early 2023"]
[White "Harsh Suresh"]
[Black "Szpar, Milosz"]
[WhiteFideId "45018464"]
[BlackFideId "1184989"]
[WhiteElo "2298"]
[BlackElo "2447"]
[Result "1-0"]
[Round "05"]
[TimeControl "180+2"]
[Date "2023.01.17"]
[WhiteClock "0:00:46"]
[BlackClock "0:01:18"]

1. b3 e5 2. Bb2 Nc6 3. c4 g6 4. g3 Bg7 5. Bg2 d6 6. e3 Nge7 7. Ne2 O-O 8. O-O Bg4 9. h3 Be6 10. d4 d5 11. cxd5 Nxd5 12. e4 exd4 13. exd5 Bxd5 14. Bxd5 Qxd5 15. Nf4 Qd7 16. Nd2 g5 17. Nh5 Qxh3 18. Nxg7 Kxg7 19. Nf3 Rad8 20. Nxg5 Qf5 21. Nf3 Qd5 22. Rc1 Rd7 23. Rc4 Rfd8 24. Nxd4 Kf8 25. Ba3+ Ne7 26. Qg4 Qe5 27. Nf5 Rd6 28. Bxd6 cxd6 29. Nxe7 Qxe7 1-0


[Site "https://www.chess.com"]

[Event "Titled Tuesday Blitz January 17 Early 2023"]
[White "Skatchkov, Valery"]
[Black "Seo, Jung Min"]
[WhiteFideId "24195812"]
[BlackFideId "1734687"]
[WhiteElo "2167"]
[BlackElo "2494"]
[Result "0-1"]
[Round "05"]
[TimeControl "180+2"]
[Date "2023.01.17"]
[WhiteClock "0:00:01"]
[BlackClock "0:01:24"]

1. d4 d6 2. e4 Nf6 3. Nf3 Nxe4 4. Bd3 Nf6 5. O-O g6 6. Bg5 Bg7 7. Qd2 O-O 8. Bh6 Nc6 9. Nc3 Bg4 10. Bxg7 Kxg7 11. Be2 e6 12. h3 Bxf3 13. Bxf3 d5 14. Rae1 Qd6 15. Nb5 Qd7 16. Qf4 Rac8 17. c3 Ne7 18. Na3 Nf5 19. g4 Nd6 20. Bg2 Qd8 21. Nc2 Kg8 22. Nb4 Nc4 23. Re2 Nd7 24. g5 c5 25. Nd3 cxd4 26. cxd4 Re8 27. h4 Qc7 28. Qg4 Nd6 29. h5 Qc4 30. Nf4 Qxd4 31. hxg6 hxg6 32. Re3 Nf5 33. Rh3 Ne5 34. Qf3 Nxf3+ 0-1


[Site "https://www.chess.com"]

[Event "Titled Tuesday Blitz January 17 Early 2023"]
[White "Trent, Lawrence"]
[Black "Rakhmanov, Aleksandr"]
[WhiteFideId "408638"]
[BlackFideId "4173708"]
[WhiteElo "2403"]
[BlackElo "2632"]
[Result "1-0"]
[Round "05"]
[TimeControl "180+2"]
[Date "2023.01.17"]
[WhiteClock "0:00:55"]
[BlackClock "0:00:10"]

1. e4 d5 2. exd5 Qxd5 3. Nc3 Qd8 4. d4 Nf6 5. Bc4 a6 6. a3 e6 7. Nf3 c5 8. O-O b5 9. Ba2 Bb7 10. Bg5 Be7 11. dxc5 Qxd1 12. Raxd1 Bxc5 13. Ne5 Nbd7 14. Nxd7 Nxd7 15. Rfe1 Nf6 16. Bxf6 gxf6 17. Bd5 O-O-O 18. Bxb7+ Kxb7 19. g3 f5 20. Ne2 a5 21. Kf1 Kc6 22. Nf4 Bd4 23. c3 Bf6 24. Ng2 a4 25. Ne3 Kc5 26. Ke2 Bg5 27. f4 Bf6 28. Rxd8 Rxd8 29. Rd1 Rxd1 30. Kxd1 Bd8 31. Kc2 Bb6 32. Kd3 Kc6 33. Nc2 Bg1 34. Nd4+ Kc5 35. Nf3 Bf2 36. Ng5 Bg1 37. Nf3 Bf2 38. Ke2 Kc4 39. Kxf2 Kb3 40. Nd4+ Kxb2 41. Nxb5 Kb3 42. Ke3 Kc4 43. Nd6+ Kxc3 44. Nxf7 Kb3 45. Kd3 Kxa3 46. Kc2 Ka2 47. Ng5 a3 48. Nxe6 Ka1 49. Nd4 Ka2 50. Nxf5 h5 51. Nd4 h4 52. gxh4 Ka1 53. h5 a2 54. Nb3# 1-0


[Site "https://www.chess.com"]

[Event "Titled Tuesday Blitz January 17 Early 2023"]
[White "Andreev, Eduard"]
[Black "Rustemov, Alexander"]
[WhiteFideId "14103400"]
[BlackFideId "4119002"]
[WhiteElo "2413"]
[BlackElo "2525"]
[Result "1/2-1/2"]
[Round "05"]
[TimeControl "180+2"]
[Date "2023.01.17"]
[WhiteClock "0:00:07"]
[BlackClock "0:00:06"]

1. e4 e6 2. d4 d5 3. Nd2 dxe4 4. Nxe4 Bd7 5. Nf3 Bc6 6. Bd3 Nd7 7. Qe2 Ngf6 8. Bg5 Be7 9. Bxf6 Nxf6 10. O-O-O Nxe4 11. Bxe4 Bxe4 12. Qxe4 Qd5 13. Qxd5 exd5 14. Rhe1 f6 15. Re2 Kf7 16. Nh4 g6 17. f4 Bd6 18. g3 Rhe8 19. Rde1 Rxe2 20. Rxe2 Re8 21. Rxe8 Kxe8 22. Kd2 Kf7 23. Ke3 Ke6 24. Kf3 b6 25. Ng2 f5 26. Ne3 c5 27. dxc5 Bxc5 28. b3 b5 29. c4 dxc4 30. bxc4 b4 31. Nd5 a5 32. h3 a4 33. Ke2 Kd6 34. g4 fxg4 35. hxg4 h5 36. gxh5 gxh5 37. Nf6 h4 38. Ne4+ Kc6 39. Nxc5 Kxc5 40. f5 h3 41. f6 Kd6 42. c5+ Ke6 43. c6 h2 44. c7 Kd7 45. f7 h1=Q 46. f8=Q Qe4+ 47. Kd2 Qd5+ 48. Kc1 Qc4+ 49. Kb1 Qd3+ 50. Kc1 Qc3+ 51. Kb1 Qe1+ 52. Kc2 Qe2+ 53. Kc1 Qc4+ 54. Kb1 Kxc7 55. Qe7+ Kb6 56. Qd6+ Kb5 57. Qd7+ Qc6 58. Qd3+ Ka5 59. Qf5+ Qb5 60. Qf2 Qd3+ 61. Kc1 Qc3+ 62. Kb1 Qd3+ 63. Kc1 Qd5 64. Qa7+ Kb5 65. Qb8+ Kc4 66. Qc7+ Qc5 67. Qg3 Kb5+ 68. Kb1 a3 69. Qb8+ Qb6 70. Qg3 Qc6 71. Qd3+ Qc4 72. Qxc4+ Kxc4 73. Ka1 Kd3 74. Kb1 Kd2 75. Ka1 Kc3 76. Kb1 b3 77. axb3 Kxb3 78. Ka1 a2 1/2-1/2


[Site "https://www.chess.com"]

[Event "Titled Tuesday Blitz January 17 Early 2023"]
[White "Van Foreest, Lucas"]
[Black "Yelisieiev, Yevhenii"]
[WhiteFideId "1039792"]
[BlackFideId "14139642"]
[WhiteElo "2556"]
[BlackElo "2418"]
[Result "1-0"]
[Round "05"]
[TimeControl "180+2"]
[Date "2023.01.17"]
[WhiteClock "0:00:55"]
[BlackClock "0:00:06"]

1. g4 d6 2. h3 e5 3. Bg2 c6 4. d4 Be7 5. c4 Nf6 6. Nc3 Nbd7 7. e4 O-O 8. Nge2 a6 9. a4 a5 10. O-O exd4 11. Nxd4 Nc5 12. g5 Nfd7 13. f4 Nb6 14. b3 Re8 15. Ba3 Bf8 16. Qc2 Bd7 17. Rad1 Qc7 18. h4 Bg4 19. Rde1 Ne6 20. Nxe6 fxe6 21. Qf2 Nd7 22. Qg3 Bh5 23. f5 Ne5 24. Kh1 Qb6 25. Ne2 Rad8 26. Nf4 Bg4 27. Nxe6 Rxe6 28. fxe6 Bxe6 29. Rxf8+ Rxf8 30. Bxd6 Ng4 31. c5 Qb4 32. Bxf8 Kxf8 33. Qd6+ Kf7 34. Rf1+ Kg6 35. Qxe6+ Kh5 36. Bf3 Qxc5 37. Qxg4+ Kg6 1-0


[Site "https://www.chess.com"]

[Event "Titled Tuesday Blitz January 17 Early 2023"]
[White "Arjun, Kalyan"]
[Black "Hirneise, Jens"]
[WhiteFideId "35018701"]
[BlackFideId "24614734"]
[WhiteElo "2516"]
[BlackElo "2277"]
[Result "1-0"]
[Round "05"]
[TimeControl "180+2"]
[Date "2023.01.17"]
[WhiteClock "0:00:58"]
[BlackClock "0:00:03"]

1. e4 c5 2. Nf3 e6 3. d4 cxd4 4. Nxd4 Nf6 5. Nc3 Nc6 6. Nxc6 bxc6 7. e5 Nd5 8. Ne4 Qc7 9. f4 Qb6 10. c4 Ne3 11. Qd3 Nxf1 12. Rxf1 Be7 13. b3 a5 14. Be3 Qb4+ 15. Bd2 Qb6 16. Nd6+ Bxd6 17. Qxd6 a4 18. Bb4 Qd8 19. Kd2 f5 20. g3 h5 21. h4 Kf7 22. Kc2 Rh6 23. Kb2 Rg6 24. Rf3 c5 25. Bxc5 Bb7 26. Rd3 Bc6 27. b4 a3+ 28. Kc3 Be4 29. Re3 Qc8 30. Rd1 Kg8 31. Qxd7 Qa6 32. Rd6 Qa4 33. Qxa4 Rxa4 34. b5 Bb1 35. Kb3 Ra8 36. Bxa3 Be4 37. Bb4 Rg4 38. a4 g5 39. hxg5 h4 40. gxh4 Rg2 41. Bd2 Rh2 42. a5 Rxh4 43. a6 Rh1 44. Kb4 Rb1+ 45. Rb3 Rd1 46. Be3 Re1 47. a7 Bc2 48. Ra3 Rb1+ 49. Kc3 Be4 50. Rxe6 Re1 51. Kb4 Rb1+ 52. Rb3 Ra1 53. b6 1-0


[Site "https://www.chess.com"]

[Event "Titled Tuesday Blitz January 17 Early 2023"]
[White "Boruchovsky, Avital"]
[Black "Harshavardhan G B"]
[WhiteFideId "2800055"]
[BlackFideId "25059009"]
[WhiteElo "2539"]
[BlackElo "2408"]
[Result "1-0"]
[Round "05"]
[TimeControl "180+2"]
[Date "2023.01.17"]
[WhiteClock "0:00:23"]
[BlackClock "0:00:01"]

1. Nf3 Nf6 2. g3 g6 3. Bg2 Bg7 4. O-O O-O 5. c4 c6 6. a4 a5 7. d4 d6 8. Nc3 Nbd7 9. b3 e5 10. Ba3 c5 11. dxe5 dxe5 12. Nb5 e4 13. Nd2 e3 14. fxe3 Qe7 15. Bb2 Qxe3+ 16. Kh1 Ne5 17. Nc7 Bg4 18. Nf3 Rad8 19. Qc1 Qxe2 20. Nxe5 Rd2 21. Qxd2 Qxd2 22. Nxg4 Nxg4 23. Bxg7 Kxg7 24. Nd5 Re8 25. h3 Re2 26. Nf4 Nf2+ 27. Kg1 Nd3 28. Nxe2 Qxe2 29. Kh2 Qe5 30. Rad1 Nb4 31. Rd7 Kh6 32. Rdxf7 Nc2 33. R1f4 Ne3 34. Re4 Qg5 35. Rh4+ Qxh4 36. gxh4 1-0


[Site "https://www.chess.com"]

[Event "Titled Tuesday Blitz January 17 Early 2023"]
[White "Renjith, Sravan"]
[Black "Kilic, Eray"]
[WhiteFideId "4306783"]
[BlackFideId "44517173"]
[WhiteElo "2172"]
[BlackElo "2414"]
[Result "0-1"]
[Round "05"]
[TimeControl "180+2"]
[Date "2023.01.17"]
[WhiteClock "0:00:03"]
[BlackClock "0:00:09"]

1. d4 Nf6 2. c4 g6 3. Nc3 d5 4. Nf3 Bg7 5. g3 O-O 6. Bg2 dxc4 7. O-O c6 8. Ne5 Ng4 9. Nxg4 Bxg4 10. Be3 Nd7 11. f3 Be6 12. Bf2 f5 13. e4 fxe4 14. fxe4 Nf6 15. h3 Qd7 16. Kh2 Rad8 17. Qd2 b5 18. a3 a5 19. Rad1 Qc8 20. Qe2 b4 21. Na4 Kh8 22. Nb6 Qa6 23. d5 cxd5 24. exd5 Bf5 25. Qxc4 Qxc4 26. Nxc4 bxa3 27. bxa3 a4 28. Bd4 Rb8 29. d6 exd6 30. Nxd6 Be6 31. Rde1 Bg8 32. Re7 Rbd8 33. Be5 Nh5 34. Rxf8 Rxf8 35. Bxg7+ Nxg7 36. Ra7 Bb3 37. Ne4 h6 38. Nc5 Bc2 39. Nxa4 Rf2 40. Kg1 Rd2 41. Nc3 Nf5 42. Be4 Nxg3 43. Bxc2 Rxc2 44. Nd5 Kg8 45. Nf6+ Kf8 46. Rb7 Ra2 47. Ra7 h5 48. a4 h4 49. a5 g5 50. Nh7+ Ke8 51. Nxg5 Ne2+ 52. Kf1 Nf4 53. Ra8+ Kd7 54. a6 Kc7 55. Ra7+ Kb6 56. Rf7 Nd5 57. Rh7 Kxa6 58. Rxh4 Ne3+ 59. Kg1 Rg2+ 60. Kh1 Rxg5 61. Rh6+ Kb5 62. Rf6 Kc4 63. Rf3 Kd3 64. h4 Rg8 65. h5 Ke2 66. Rf4 Nd5 67. Rf5 Ne3 68. Rf4 Rg5 69. Rh4 Nf5 70. Rh2+ Kf1 71. Rh3 Ng3+ 72. Kh2 Kf2 73. h6 Nf1+ 74. Kh1 Rg1# 0-1


[Site "https://www.chess.com"]

[Event "Titled Tuesday Blitz January 17 Early 2023"]
[White "Concio, Michael Jr."]
[Black "Flores Quillas, Diego Saul Rodri"]
[WhiteFideId "5217873"]
[BlackFideId "3822508"]
[WhiteElo "2395"]
[BlackElo "2359"]
[Result "0-1"]
[Round "05"]
[TimeControl "180+2"]
[Date "2023.01.17"]
[WhiteClock "0:00:03"]
[BlackClock "0:00:07"]

1. e4 e5 2. Nf3 Nc6 3. Bb5 Nf6 4. O-O Nxe4 5. d4 Nd6 6. dxe5 Nxb5 7. a4 Nbd4 8. Nxd4 Nxd4 9. Qxd4 d5 10. exd6 Qxd6 11. Re1+ Be6 12. Be3 Qxd4 13. Bxd4 O-O-O 14. Be3 a6 15. Nd2 Be7 16. c3 Rd3 17. Nf3 Bf6 18. Bd4 Bxd4 19. Nxd4 Bd5 20. Nf5 g6 21. Ne3 Be6 22. Re2 Rhd8 23. Kf1 c5 24. Ke1 Kc7 25. a5 Kc6 26. h3 h5 27. h4 Kb5 28. Ra3 Bg4 29. f3 Be6 30. Kf2 Rd2 31. Ke1 Rxe2+ 32. Kxe2 Bc4+ 33. Ke1 Rd3 34. Nd1 Rd6 35. Ne3 Rd3 36. Nc2 Rd6 37. b3 Bd3 38. c4+ Kc6 39. Ne3 Bf5 40. Ke2 Bd3+ 41. Kf2 Bf5 42. Ra2 Be6 43. Ke2 Kc7 44. Rd2 Rxd2+ 45. Kxd2 Kd6 46. f4 f6 47. Kc3 Bd7 48. b4 cxb4+ 49. Kxb4 Bc6 50. g3 Ke6 51. Kc5 Kd7 52. Nd5 Ke6 53. Ne3 Be4 54. Kd4 Bc6 55. c5 Kd7 56. f5 gxf5 57. Nxf5 Bf3 58. Ne3 Kc6 59. Kc4 Be2+ 60. Kb4 Bf3 61. Kc4 Be2+ 62. Kd4 Kb5 63. Nd5 Kxa5 64. Nxf6 Kb4 65. Nd5+ Kb3 66. Nf4 Bg4 67. Nd3 a5 68. Ne5 Bf5 69. Nd3 Bxd3 70. Kxd3 a4 71. g4 a3 0-1


[Site "https://www.chess.com"]

[Event "Titled Tuesday Blitz January 17 Early 2023"]
[White "Riehle, Marco"]
[Black "Kopczynski, Michal"]
[WhiteFideId "12904392"]
[BlackFideId "1124200"]
[WhiteElo "2368"]
[BlackElo "2225"]
[Result "0-1"]
[Round "05"]
[TimeControl "180+2"]
[Date "2023.01.17"]
[WhiteClock "0:00:38"]
[BlackClock "0:00:48"]

1. e4 c5 2. a3 d6 3. b4 cxb4 4. axb4 Nf6 5. Nc3 g6 6. d4 Bg7 7. f4 O-O 8. Nf3 d5 9. e5 Ne4 10. Bb2 Bg4 11. Bd3 Nc6 12. Nxe4 dxe4 13. Bxe4 Nxb4 14. O-O Nd5 15. Qd2 Bh6 16. Ng5 f6 17. h3 Bc8 18. exf6 exf6 19. Ra5 Nxf4 20. Qxf4 Qxa5 21. Qd6 Qxg5 22. h4 Qe3+ 23. Kh1 Qxe4 24. d5 Qxh4+ 25. Qh2 0-1


[Site "https://www.chess.com"]